 Dungeon Crawl Stone Soup version 0.31-a0-846-gb3bcc0d938 (webtiles) character file.

Game seed: 11057768330235156848

107 freelancePsychic the Grave Robber (level 4, -2/37 HPs)
             Began as a Draconian Necromancer on Oct 3, 2023.
             Was a Believer of Zin.
             Splashed by a jelly's acid (3 damage)
             ... on level 4 of the Dungeon.
             The game lasted 00:03:34 (2577 turns).

freelancePsychic the Grave Robber (DrNe)            Turns: 2577, Time: 00:03:35

Health: -2/37      AC: -7    Str: 10    XL:     4   Next: 57%
Magic:  2/2        EV: 12    Int: 17    God:    Zin [**....]
Gold:   156        SH:  0    Dex: 12    Spells: 6/7 levels left

rFire   . . .        b - +2 hand axe (antimagic)
rCold   . . .        (no shield)
rNeg    . . .        (body armour unavailable)
rPois   .            (helmet restricted)
rElec   .            (no cloak)
rCorr   .            (no gloves)
SInv    .            (no boots)
Will    .....        (no amulet)
Stlth   ++           (no ring)
HPRegen 0.26/turn    (no ring)
MPRegen 0.08/turn

%: no passive effects
@: about to teleport, corroded
A: AC +5, unfitting armour, cold-blooded
a: Renounce Religion, Recite, Vitalisation, Donate Gold


You were on level 4 of the Dungeon.
You worshipped Zin.
Zin was pleased with you.
You visited 1 branch of the dungeon, and saw 4 of its levels.

You collected 173 gold pieces.
You donated 17 gold pieces to Zin.

Inventory:

Hand Weapons
 b - a +2 antimagic hand axe (weapon)
 f - a +2 vampiric lajatang
Scrolls
 e - a scroll of fog
 i - a scroll of revelation
 j - a scroll of identify {@r1}
Potions
 a - a potion of magic
 d - a potion of heal wounds {unknown}
 g - a potion of might {unknown}
 h - a potion of ambrosia


   Skills:
 + Level 2.9 Fighting
 + Level 2.2 Staves
 - Level 1.7 Dodging
 - Level 1.7 Stealth
 - Level 2.2 Spellcasting
 - Level 4.4 Necromancy


You had 6 spell levels left.
You knew the following spells:

 Your Spells              Type           Power      Damage    Failure   Level
a - Necrotise             Necr           64%        1d7       3%          1

Your spell library contained the following spells:

 Spells                   Type           Power      Damage    Failure   Level
 Vampiric Draining        Necr           16%        2d7       10%         3
 Animate Dead             Necr           16%        N/A       30%         4
 Agony                    Necr           16%        N/A       65%         5


Dungeon Overview and Level Annotations

Branches:
Dungeon (4/15)
 Temple: D:4-7

Altars:
Zin

Shops:
D:3 [

Annotations:
D:4 exclusion: scorpion


Innate Abilities, Weirdness & Mutations

Your plain brown scales are hard. (AC +5)
You cannot fit into any form of body armour.
You are cold-blooded and may be slowed by cold attacks.


Message History

The goblin barely misses you. The goblin hits you but does no damage.
An iguana comes into view.
You closely miss the goblin.
The iguana hisses angrily.
You tail-slap the goblin.
The goblin is heavily wounded.
The goblin barely misses you.
You hit the goblin.
You kill the goblin!
You hit the jelly.
Your hands burn!
The jelly is lightly wounded.
The jelly hits you. The acid corrodes you!
You are splashed with acid!
The jelly closely misses you.
You hit the jelly.
Your hands burn!
The jelly is lightly wounded.
You hit the iguana. The jelly closely misses you. The iguana bites you.
You are too injured to fight recklessly!
You are too injured to fight recklessly!
You are too injured to fight recklessly!
You hit the jelly.
Your hands burn!
The jelly is heavily wounded.
You hit the iguana but do no damage. The iguana completely misses you.
The jelly hits you but does no damage.
You barely miss the jelly.
The jelly is heavily wounded.
You hit the iguana but do no damage. The iguana closely misses you.
The jelly misses you.
You hit the jelly. The acid corrodes you!
Your hands burn!
The jelly is severely wounded.
You barely miss the iguana. The iguana barely misses you.
The jelly barely misses you. The iguana bites you.
The jelly closely misses you.
As you read the scroll of teleportation {@r4}, it crumbles to dust.
You feel strangely unstable. The jelly hits you.
* * * LOW HITPOINT WARNING * * *
You are splashed with acid!
* * * LOW HITPOINT WARNING * * *
The iguana closely misses you.
You hit the jelly but do no damage. The acid corrodes you!
Your hands burn!
You die...

............#.##......##
...........+...........
...........####...##.##
#.......## #...##.#
##.....## #.#.##.#
##...## #<#.##.#
.....#'## #......#
####.#l# ###.#### # #@#
#.# #J# #.# ... #.#
..... #.# #....## ..#
#.#.## ### ..### ###


You could see an iguana and a jelly.

Vanquished Creatures
  A hound (D:4)
  2 adders
  A dart slug (D:3)
  2 orcs (D:4)
  4 ball pythons
  9 endoplasms
  A giant cockroach (D:2)
  6 goblins
  6 hobgoblins
  2 quokkas (D:1)
  3 bats
  4 frilled lizards
  4 kobolds
  8 rats
53 creatures vanquished.

Vanquished Creatures (collateral kills)
  A dart slug (D:1)
  A frilled lizard (D:1)
2 creatures vanquished.

Grand Total: 55 creatures vanquished

Notes
Turn   | Place    | Note
-------+----------+-------------------------------------------
     0 | D:1      | freelancePsychic the Draconian Necromancer began the quest
                  | for the Orb.
     0 | D:1      | Reached XP level 1. HP: 14/14 MP: 3/3
   333 | D:1      | Reached XP level 2. HP: 22/22 MP: 3/5
   428 | D:1      | Reached skill level 1 in Fighting
   662 | D:1      | You fall into a shaft and drop 1 floor!
   802 | D:2      | Found a faded altar of an unknown god.
   817 | D:2      | Prayed at the altar of an unknown god.
   817 | D:2      | Became a worshipper of Zin the Law-Giver
   817 | D:2      | Reached * piety under Zin
   817 | D:2      | Reached ** piety under Zin
   879 | D:2      | Reached XP level 3. HP: 28/28 MP: 2/6
   908 | D:2      | Reached skill level 1 in Staves
  1354 | D:3      | Found Honuxzig's Antique Armour Emporium.
  1666 | D:3      | Reached XP level 4. HP: 37/37 MP: 2/7
  2378 | D:4      | Noticed a scorpion
  2501 | D:4      | Noticed a yak
  2576 | D:4      | HP: 1/37 [acid (10)]
  2577 | D:4      | Splashed by a jelly's acid

Illustrated notes

Levels and vault maps discovered:
D:1:      psy_arrival_fountain, layout_basic, minmay_misc_feat_encased,
          minmay_misc_feat_diagonals, chequers_serial_rivers_large_a
D:2:      layout_basic, shapermc_ecumenical_altar_starsandcircs,
          grunt_ministairs_6, minmay_tromino_v4_a
D:3:      layout_basic, serial_rivers, chequers_serial_rivers_large_b,
          chequers_serial_rivers_room_a, chequers_serial_rivers_small_a,
          chequers_serial_rivers_marsh, chequers_serial_rivers_small_b,
          chequers_serial_rivers_micro_d, serial_shops, nicolae_shop_stone,
          minivault_11
D:4:      layout_loops_corners, eino_tiny_chamber, grunt_ministairs_1,
          minmay_ruined_shrine

Skill      XL: |  1  2  3  4 |
---------------+-------------+-----
Fighting       | 1 2 |  2.9
Staves         | 1 2 |  2.2
Dodging        | |  1.7
Stealth        | |  1.7
Spellcasting   | |  2.2
Necromancy     | |  4.4

Action                     |  1- 3 |  4- 6 || total
---------------------------+-------+-------++-------
  Melee: Hand axe          |    61 |    48 ||   109
         Lajatang          |    20 |       ||    20
         Unarmed           |    16 |       ||    16
         Tailslap          |     8 |     3 ||    11
   Cast: Necrotise         |    27 |       ||    27
    Use: Scroll            |     4 |     5 ||     9
   Stab: Sleeping          |     7 |       ||     7
 Armour: Skin              |    58 |    31 ||    89
  Dodge: Dodged            |    69 |    42 ||   111

Table legend: (Time is in decaauts)
 A = Elapsed time spent in this place.
 B = Non-inter-level travel time spent in this place.
 C = Inter-level travel time spent in this place.
 D = Time resting spent in this place.
 E = Time spent auto-exploring this place.
 F = Levels seen in this place.
 G = Mean time per level.
                   A        B        C        D        E       F      G
               +--------+--------+--------+--------+--------+-----+--------+
         Total |   2667 |   2527 |    140 |      0 |   2059 |   4 |  666.8 |
       Dungeon |   2667 |   2527 |    140 |      0 |   2059 |   4 |  666.8 |
               +--------+--------+--------+--------+--------+-----+--------+

Top non-repeatable levels by time:
     D:3: 1006 daAuts
     D:1: 660 daAuts
     D:2: 613 daAuts
     D:4: 387 daAuts
